 Dungeon Crawl Stone Soup version 0.28-a0-899-gf2b78a14d2 (webtiles) character file.

Game seed: 4041183478276116631

3024 BinkBink the Martial Artist (level 9, 0/64 HPs)
             Began as a Demonspawn Gladiator on Nov 23, 2021.
             Killed by nerve-wracking pain
             ... invoked by an orc priest
              (4 damage)
             ... on level 8 of the Dungeon.
             The game lasted 00:23:43 (9894 turns).

BinkBink the Martial Artist (Demonspawn Gladiator)  Turns: 9894, Time: 00:23:44

Health: 0/64       AC:  8    Str: 14    XL:     9   Next: 55%
Magic:  0/9        EV: 15    Int: 12    God:
Gold:   214        SH:  0    Dex: 16    Spells: 8/8 levels left

rFire   . . .      SeeInvis .     - Unarmed
rCold   . . .      Faith    .   (no shield)
rNeg    . . .      Spirit   +   i - +1 steam dragon scales
rPois   .          Reflect  .   (helmet restricted)
rElec   .          Harm     .   q - scarf {repulsion}
rCorr   .          Rampage  .   (no gloves)
Will    .....                   (no boots)
Stlth   +.........              h - amulet of magic regeneration
HPRegen 0.20/turn               (no ring)
MPRegen 0.47/turn               (no ring)

@: mighty, repel missiles
A: antennae 1, powered by pain 2, magic shield, magic regeneration, sharp scales
1
a: no special abilities


You were on level 8 of the Dungeon.
You visited 2 branches of the dungeon, and saw 9 of its levels.

You collected 331 gold pieces.
You spent 117 gold pieces at shops.

Inventory:

Missiles
 c - 5 throwing nets (quivered)
Armour
 i - +1 steam dragon scales (worn)
 m - a +0 cloak
 q - a scarf of repulsion (worn)
Magical Staves
 p - a staff of poison
Jewellery
 a - a ring of fire
 h - an amulet of magic regeneration (around neck)
Wands
 r - a wand of digging (8)
 v - a wand of paralysis (11)
 w - a wand of mindburst (11)
Scrolls
 b - 2 scrolls of identify
 d - 4 scrolls of teleportation
 e - a scroll of enchant armour
 f - a scroll of blinking
 k - 2 scrolls of noise
 u - a scroll of amnesia
Potions
 g - a potion of attraction
 j - a potion of might
 l - 2 potions of resistance {unknown}
 o - a potion of degeneration {unknown}
 t - a potion of cancellation {unknown}


   Skills:
 + Level 3.6 Fighting
 - Level 1.7 Throwing
 * Level 5.4 Armour
 + Level 6.0 Dodging
 - Level 0.1 Stealth
 + Level 9.5 Unarmed Combat


You had 8 spell levels left.
You didn't know any spells.
Your spell library contained the following spells:

 Spells                   Type           Power      Damage    Failure   Level
 Summon Small Mammal      Summ           0%         N/A       32%         1
 Call Canine Familiar     Summ           0%         N/A       69%         3
 Summon Guardian Golem    Hex/Summ       0%         N/A       69%         3


Dungeon Overview and Level Annotations

Branches:
Dungeon (8/15)             Temple (1/1) D:5
   Lair: D:8-11

Altars:
Ashenzari
Cheibriados
Dithmenos
Elyvilon
Fedhas
Hepliaklqana
Kikubaaqudgha
Makhleb
Nemelex Xobeh
Okawaru
Qazlal
Ru
Sif Muna
Vehumet
Xom
Zin
The Shining One

Shops:
D:2 *

Annotations:
D:7 Harold


Innate Abilities, Weirdness & Mutations

You have a pair of small antennae on your head.
You sometimes gain power by taking damage.
When hurt, damage is shared between your health and your magic reserves.
You regenerate magic rapidly.
You are partially covered in razor-sharp scales. (AC +1, Slay +1)


Message History

The orc priest casts a cantrip, but nothing happens.
The orc priest looks encouraged for a moment.
The orc priest misses you.
You see here a +0 trident.
You punch the orc priest!
The orc priest is severely wounded.
You punch the orc priest!
You kill the orc priest!
Your Dodging skill increases to level 6!
You hit the orc priest but do no damage.
The orc priest looks braver for a moment.
You hit the orc priest.
The orc priest is heavily wounded.
The orc priest misses you.
You barely miss the orc priest.
The orc priest is heavily wounded.
The orc priest mumbles some strange prayers to Beogh against you.
Beogh smites you!
* * * LOW HITPOINT WARNING * * *
You focus on the pain.
You feel your power returning.
You barely miss the orc priest.
The orc priest is heavily wounded.
The orc priest calls down the wrath of Beogh upon you.
Beogh smites you!
* * * LOW HITPOINT WARNING * * *
The orc priest barely misses you.
You feel better. The orc priest closely misses you.
You barely miss the orc priest.
The orc priest is heavily wounded.
You hit the orc priest.
The orc priest is severely wounded.
The orc priest mumbles some strange prayers to Beogh against you.
Beogh smites you!
* * * LOW HITPOINT WARNING * * *
The orc priest misses you.
It was a potion of might.
You feel very mighty all of a sudden.
The orc priest invokes the aid of Beogh against you.
Pain shoots through your body!
You die...

.....# ######
.# . .# .. .#
... .# ...
####### .####
. ..{ #.....#
......
#...#o##.....#
......
.....oo@.†...#
......
#..##{##..<..#
.##### #
#.....# .#
####### .# .#
.##### YY..Y#
####.#


You could see 2 orc priests and an orc.

Vanquished Creatures
  Prince Ribbit (D:8)
  2 yaks (D:8)
  A water moccasin (D:8)
  An orc warrior (D:5)
  2 black bears
  A sky beast (D:5)
  3 necrophages (D:4)
  3 ogres (D:5)
  2 phantoms (D:5)
  3 bullfrogs
  A water moccasin zombie (D:5)
  3 scorpions
  A killer bee (D:8)
  A jelly (D:7)
  A howler monkey (D:5)
  A hound (D:4)
  4 orc priests (D:8)
  A centaur skeleton (D:4)
  2 centaur zombies (D:4)
  Natasha (thrice) (D:4)
  4 orc wizards
  2 scorpion zombies (D:4)
  A killer bee zombie (D:4)
  A hound zombie (D:5)
  A hound skeleton (D:5)
  A howler monkey zombie (D:4)
  5 gnolls
  2 howler monkey skeletons (D:7)
  7 adders
  A shadow imp (D:7)
  A white imp (D:5)
  3 adder skeletons (D:4)
  3 worms
  2 dart slugs
  21 orcs
  8 endoplasms
  6 giant cockroaches
  9 goblins
  10 hobgoblins
  7 jackals
  4 quokkas
  11 ball pythons
  6 bats
  5 frilled lizards
  6 kobolds
  6 rats
170 creatures vanquished.

Vanquished Creatures (others)
  An orc wizard (D:7)
  2 bushes (D:4)
  11 plants (D:4)
14 creatures vanquished.

Grand Total: 184 creatures vanquished

Notes
Turn   | Place    | Note
-------+----------+-------------------------------------------
     0 | D:1      | BinkBink the Demonspawn Gladiator began the quest for the
                  | Orb.
     0 | D:1      | Reached XP level 1. HP: 16/16 MP: 1/1
     0 | D:1      | Noticed a vine stalker
     4 | D:1      | Noticed a human
    11 | D:1      | Noticed a tengu
    13 | D:1      | Noticed a demonspawn zombie
    17 | D:1      | Noticed a merfolk zombie
    17 | D:1      | Noticed an elf
    19 | D:1      | Noticed a gargoyle
    21 | D:1      | Noticed a draconian
    82 | D:1      | Found a faded altar of an unknown god.
   106 | D:1      | Gained mutation: You regenerate magic rapidly. [demonic
                  | ancestry]
   106 | D:1      | Reached XP level 2. HP: 12/22 MP: 2/2
   445 | D:1      | Reached skill level 3 in Unarmed Combat
   749 | D:1      | Reached skill level 1 in Armour
   896 | D:1      | Gained mutation: You have a pair of small antennae on your
                  | head. [demonic ancestry]
   896 | D:1      | Reached XP level 3. HP: 13/27 MP: 3/3
  2158 | D:2      | Reached XP level 4. HP: 27/33 MP: 4/4
  2454 | D:2      | Found Afryxupt's General Store.
  2459 | D:2      | Bought a scroll of teleportation for 39 gold pieces
  2459 | D:2      | Bought a scroll of identify for 26 gold pieces
  2459 | D:2      | Bought a scroll of identify for 26 gold pieces
  2459 | D:2      | Bought a scroll of identify for 26 gold pieces
  3467 | D:3      | Reached skill level 4 in Unarmed Combat
  3925 | D:3      | Found a sacrificial altar of Ru.
  3925 | D:3      | Found a shimmering blue altar of Sif Muna.
  3954 | D:3      | Gained mutation: When hurt, damage is shared between your
                  | health and your magic reserves. [demonic ancestry]
  3954 | D:3      | Reached XP level 5. HP: 38/38 MP: 5/5
  4742 | D:4      | Noticed a black bear
  4759 | D:4      | Killed a black bear
  4760 | D:4      | Gained mutation: You are partially covered in razor-sharp
                  | scales. (AC +1, Slay +1) [demonic ancestry]
  4760 | D:4      | Reached XP level 6. HP: 23/45 MP: 6/6
  4910 | D:4      | Found a blossoming altar of Fedhas.
  4941 | D:4      | Reached skill level 5 in Unarmed Combat
  5176 | D:4      | Noticed Natasha
  5189 | D:4      | Killed Natasha
  5643 | D:4      | Noticed Natasha
  5660 | D:4      | Killed Natasha
  6032 | D:4      | Noticed Natasha
  6046 | D:4      | Killed Natasha
  6047 | D:4      | Gained mutation: You sometimes gain a little power by
                  | taking damage. [demonic ancestry]
  6047 | D:4      | Reached XP level 7. HP: 43/51 MP: 7/7
  6261 | D:4      | Reached skill level 6 in Unarmed Combat
  6574 | D:5      | Entered Level 5 of the Dungeon
  6864 | D:5      | Reached XP level 8. HP: 52/57 MP: 8/8
  6886 | D:5      | Reached skill level 7 in Unarmed Combat
  7019 | D:5      | Reached skill level 5 in Dodging
  7114 | D:5      | Found a burning altar of Makhleb.
  7116 | D:5      | Noticed a blizzard demon
  7117 | D:5      | Noticed an angel
  7662 | D:5      | Reached skill level 8 in Unarmed Combat
  7809 | D:5      | Found a staircase to the Ecumenical Temple.
  7827 | Temple   | Entered the Ecumenical Temple
  8143 | D:5      | You fall into a shaft and drop 3 floors!
  8174 | D:8      | Gained mutation: You sometimes gain power by taking damage.
                  | [demonic ancestry]
  8174 | D:8      | Reached XP level 9. HP: 21/64 MP: 9/9
  8194 | D:8      | Noticed Prince Ribbit
  8225 | D:8      | HP: 1/64 [orc priest/divine providence (7)]
  8683 | D:8      | Reached skill level 5 in Armour
  8859 | D:8      | Killed Prince Ribbit
  8860 | D:8      | Reached skill level 9 in Unarmed Combat
  9134 | D:7      | Found a shadowy altar of Dithmenos.
  9227 | D:7      | Noticed Harold
  9894 | D:8      | Killed from afar by an orc priest

Illustrated notes

Levels and vault maps discovered:
D:1:      shiori_arrival_whats_in_store_for_you, layout_loops_ring,
          chequers_ecumenical_altar_island, minmay_pentomino_w4
D:2:      minmay_razor_zed, layout_basic, serial_shops,
          nicolae_shop_hallway_plus, chequers_serial_rivers_micro_a
D:3:      layout_rooms, mainiacjoe_overflow_divided_tiny
D:4:      layout_basic, fedhas_altar_decomposition, uniq_natasha
D:5:      layout_basic, grunt_temple_overflow_order_and_chaos_2,
          minmay_temple_entry_glassed_door
D:6:      layout_loops_corners, yredelemnul_forgotten_temple_becter,
          nzn_random_ring
D:7:      layout_basic, mainiacjoe_overflow_concentric_impassable, uniq_harold
D:8:      layout_loops_cross, grunt_ministairs_1, uniq_prince_ribbit1
Temple:   jpeg_temple_clearing

Skill      XL: |  1  2  3  4  5  6  7  8  9 |
---------------+----------------------------+-----
Dodging        | 3 4 5 6 |  6.0
Unarmed Combat | 3 4 5 6 8 9 |  9.5
Armour         | 1 2 3 4 5 |  5.4
Fighting       | 3 |  3.6
Throwing       | |  1.7
Stealth        | |  0.1

Action                   |  1- 3 |  4- 6 |  7- 9 || total
-------------------------+-------+-------+-------++-------
Melee: Unarmed           |   168 |   338 |   446 ||   952
       Punch             |     3 |     6 |    20 ||    29
Evoke: Wand              |       |       |     1 ||     1
  Use: Scroll            |       |     8 |     5 ||    13
       Potion            |       |       |     5 ||     5
 Stab: Sleeping          |     1 |     3 |       ||     4
       Fleeing           |       |       |     1 ||     1
Armor: Leather armour    |    33 |       |       ||    33
       Steam dragon scal |    10 |    75 |   112 ||   197
Dodge: Dodged            |    99 |   205 |   211 ||   515
       Repelled          |       |     3 |     2 ||     5

Table legend: (Time is in decaauts)
 A = Elapsed time spent in this place.
 B = Non-inter-level travel time spent in this place.
 C = Inter-level travel time spent in this place.
 D = Time resting spent in this place.
 E = Time spent auto-exploring this place.
 F = Levels seen in this place.
 G = Mean time per level.
                   A        B        C        D        E       F      G
               +--------+--------+--------+--------+--------+-----+--------+
         Total |   9833 |   9545 |    288 |      0 |   7492 |   9 | 1092.6 |
       Dungeon |   9529 |   9308 |    221 |      0 |   7281 |   8 | 1191.1 |
        Temple |    304 |    237 |     67 |      0 |    211 |   1 |  304.0 |
               +--------+--------+--------+--------+--------+-----+--------+

Top non-repeatable levels by time:
     D:4: 2287 daAuts
     D:1: 1632 daAuts
     D:2: 1583 daAuts
     D:5: 1220 daAuts
     D:3: 1082 daAuts
     D:8: 1051 daAuts
     D:7: 669 daAuts
  Temple: 304 daAuts
     D:6: 1 daAuts
